[Event "Titled Tuesday Blitz November 16 2021"]
[White "Kryakvin, Dmitry"]
[Black "Sasikiran, Krishnan"]
[WhiteFideId "4153278"]
[BlackFideId "5004985"]
[WhiteElo "2372"]
[BlackElo "2552"]
[Result "1/2-1/2"]
[Round "05"]
[TimeControl "180+1"]
[Date "2021.11.16"]
[WhiteClock "0:00:04"]
[BlackClock "0:00:15"]

1. Nf3 d5 2. e3 Nf6 3. c4 c6 4. Nc3 g6 5. d4 Bg7 6. Be2 O-O 7. O-O e6 8. b4 Nbd7 9. a4 a5 10. b5 dxc4 11. Ba3 Re8 12. Bxc4 Qc7 13. Rc1 e5 14. Ng5 Rf8 15. Bxf8 Nxf8 16. Nxf7 exd4 17. exd4 Be6 18. Bxe6 Nxe6 19. Ne5 Rd8 20. Qb3 Qd6 21. bxc6 bxc6 22. Ne2 Qd5 23. Qxd5 Nxd5 24. Nxc6 Ra8 25. Rfe1 Bh6 26. Rb1 Bd2 27. Red1 Bb4 28. Rdc1 Re8 29. Kf1 h5 30. Rc4 Kg7 31. g3 g5 32. Nxb4 axb4 33. a5 Ra8 34. Rc6 Nec7 35. Rbc1 Ra7 36. Kg2 Kf7 37. h4 gxh4 38. Nf4 hxg3 39. Nxd5 Nxd5 40. R6c5 Ke6 41. fxg3 Nc3 42. R1xc3 bxc3 43. Kh3 c2 44. Kh4 Rxa5 45. Rxc2 Rd5 46. Re2+ Kf6 47. Re4 Kg6 48. Re6+ Kg7 49. Re4 Kg6 50. Rf4 Rd8 51. Kh3 Rd5 52. Kg2 Rd8 53. Kf3 Rc8 54. Re4 Rc1 55. Kf4 Rc3 56. d5 Rd3 57. Ke5 Rxg3 58. d6 Rd3 59. Ke6 Kg5 60. Re5+ Kg4 61. Rd5 Re3+ 62. Kf7 Rf3+ 63. Kg7 Ra3 64. d7 Ra7 65. Kf6 Ra8 66. d8=Q Rxd8 67. Rxd8 h4 68. Rg8+ Kf3 69. Kf5 h3 70. Ra8 h2 71. Ra3+ Kg2 72. Ra2+ Kh3 73. Rxh2+ Kxh2 1/2-1/2


[Site "https://www.chess.com"]

[Event "Titled Tuesday Blitz November 16 2021"]
[White "Le, Tuan Minh"]
[Black "Triapishko, Alexandr"]
[WhiteFideId "12401153"]
[BlackFideId "14122286"]
[WhiteElo "2450"]
[BlackElo "2479"]
[Result "1/2-1/2"]
[Round "05"]
[TimeControl "180+1"]
[Date "2021.11.16"]
[WhiteClock "0:00:44"]
[BlackClock "0:00:44"]

1. d4 d6 2. e4 e5 3. Nf3 exd4 4. Nxd4 Nf6 5. Nc3 g6 6. Bc4 Bg7 7. Bb3 O-O 8. O-O Re8 9. Re1 Nbd7 10. Bg5 Nc5 11. Nd5 c6 12. Nxf6+ Bxf6 13. Bxf6 Qxf6 14. f3 d5 15. c3 dxe4 16. fxe4 Rxe4 17. Rf1 Rf4 18. Qd2 Rxf1+ 19. Rxf1 Nxb3 20. axb3 Qe7 21. Re1 Be6 22. Nxe6 fxe6 23. Qe3 Re8 24. Qxa7 e5 25. h3 e4 26. Qd4 e3 27. Qc4+ Kg7 28. Qd4+ Kg8 29. Qc4+ Kg7 30. Qd4+ Kg8 1/2-1/2


[Site "https://www.chess.com"]

[Event "Titled Tuesday Blitz November 16 2021"]
[White "Maksimovic, Bojan"]
[Black "Terry, Renato"]
[WhiteFideId "14408120"]
[BlackFideId "3803457"]
[WhiteElo "2439"]
[BlackElo "2577"]
[Result "0-1"]
[Round "05"]
[TimeControl "180+1"]
[Date "2021.11.16"]
[WhiteClock "0:00:05"]
[BlackClock "0:00:24"]

1. Nf3 Nf6 2. c4 b6 3. g3 Bb7 4. Bg2 g6 5. b3 Bg7 6. Bb2 O-O 7. O-O c5 8. d4 cxd4 9. Nxd4 Bxg2 10. Kxg2 d5 11. cxd5 Qxd5+ 12. Nf3 Qb7 13. e3 Nbd7 14. Qe2 Rac8 15. Na3 Nc5 16. Rfd1 Nfe4 17. Bxg7 Kxg7 18. Rac1 Kg8 19. Kg1 Rfd8 20. Rd4 Ne6 21. Rxd8+ Rxd8 22. Nc4 N4g5 23. Nce5 f6 24. Nxg5 Nxg5 25. h4 Nh3+ 26. Kh2 Nxf2 27. Nc6 Rd6 28. Qxf2 Rxc6 29. Qg2 Rc7 30. Qxb7 Rxb7 31. Kg2 h5 32. Kf3 Kf7 33. Ke4 Rd7 34. Rc2 Ke6 35. Rc6+ Kf7 36. Rc2 Rd6 37. Rc7 a5 38. Rc2 Ke6 39. Rf2 Kd7 40. Rc2 Re6+ 41. Kf4 Re5 42. e4 Rc5 43. Rg2 e5+ 44. Ke3 Ke6 45. g4 Rc3+ 46. Kd2 Rh3 47. gxh5 gxh5 48. Rg7 Rxh4 49. Rb7 Rh2+ 50. Ke3 Rxa2 51. Rxb6+ Kf7 52. Ra6 Ra3 53. Kf2 Kg6 0-1


[Site "https://www.chess.com"]

[Event "Titled Tuesday Blitz November 16 2021"]
[White "Nesterov, Arseniy"]
[Black "Ozen, Bahadir"]
[WhiteFideId "24198455"]
[BlackFideId "6337058"]
[WhiteElo "2489"]
[BlackElo "2503"]
[Result "1/2-1/2"]
[Round "05"]
[TimeControl "180+1"]
[Date "2021.11.16"]
[WhiteClock "0:00:05"]
[BlackClock "0:00:02"]

1. d4 e6 2. c4 Nf6 3. Nf3 d5 4. Nc3 Bb4 5. Qb3 c5 6. dxc5 Qa5 7. Bd2 Nc6 8. cxd5 Nxd5 9. Nxd5 Bxd2+ 10. Nxd2 exd5 11. Qc3 Qxc3 12. bxc3 b6 13. Nb3 bxc5 14. Nxc5 Rb8 15. O-O-O Be6 16. e3 Ke7 17. Nb3 Rhc8 18. Ba6 Rc7 19. Kd2 Rb6 20. Be2 a5 21. Rb1 Rcb7 22. Bd3 Ne5 23. Nxa5 Rb2+ 24. Bc2 Rxc2+ 25. Kxc2 Bf5+ 26. Kd2 Rxb1 27. Rxb1 Bxb1 28. a4 Kd6 29. Kc1 Bf5 30. f3 Kc5 31. Nb7+ Kc6 32. Na5+ Kb6 33. Nb3 Nc4 34. Nd4 Bd3 35. Kd1 Bf1 36. g3 Nxe3+ 37. Kd2 Nc4+ 38. Ke1 Bd3 39. Kf2 Nb2 40. Ke3 Bg6 41. f4 Be4 42. f5 Nxa4 43. c4 Kc5 44. cxd5 Kxd5 45. g4 Ke5 46. h4 Nb6 47. Nb5 Nd5+ 48. Kf2 h5 49. gxh5 Bxf5 50. Kg3 Nf4 51. h6 gxh6 52. Na3 Nh5+ 53. Kf3 Be6 54. Ke3 f5 55. Nc2 Nf6 56. Kf2 Ne4+ 57. Kf3 Nf6 58. Nb4 Bd5+ 59. Ke3 Ng4+ 60. Ke2 Kf4 61. Nxd5+ Kg3 62. Ne7 Kf4 63. Nd5+ Kg3 64. Ne7 f4 65. Nf5+ Kg2 66. Nd4 Nh2 67. Nf5 f3+ 68. Ke3 f2 69. Ke4 Ng4 70. Kf4 h5 71. Ng3 Kh3 72. Nf1 Kxh4 73. Kf3 Kg5 74. Kg3 h4+ 75. Kf3 Kf5 76. Nd2 h3 77. Nf1 Kg5 78. Kg3 Kf5 79. Kxh3 Kf4 80. Kg2 Ne3+ 81. Kxf2 1/2-1/2


[Site "https://www.chess.com"]

[Event "Titled Tuesday Blitz November 16 2021"]
[White "Paravyan, David"]
[Black "FGHSMN"]
[WhiteFideId "4194985"]
[WhiteElo "2639"]
[BlackElo "2678"]
[Result "1-0"]
[Round "05"]
[TimeControl "180+1"]
[Date "2021.11.16"]
[WhiteClock "0:00:07"]
[BlackClock "0:00:03"]

1. e4 e6 2. d4 d5 3. Nc3 Bb4 4. e5 c5 5. a3 Bxc3+ 6. bxc3 Ne7 7. Qg4 Qc7 8. Qxg7 Rg8 9. Qxh7 cxd4 10. Ne2 Nbc6 11. f4 dxc3 12. Nxc3 a6 13. Qd3 Bd7 14. Rb1 Nf5 15. Rg1 Qa5 16. Bd2 Qc5 17. Rh1 b5 18. Ne2 Rc8 19. h4 Ncd4 20. Nxd4 Nxd4 21. c3 Nf5 22. Rh3 Qg1 23. Qf3 Rc4 24. Rb4 Ke7 25. Qf2 Qxf2+ 26. Kxf2 Rcc8 27. Be2 Nh6 28. f5 Nxf5 29. g4 Ng7 30. Bg5+ Kf8 31. Rf4 Bc6 32. h5 Ne8 33. h6 Rc7 34. h7 Rh8 35. Bd3 Ng7 36. Bh6 Be8 37. Bg6 a5 38. Rhf3 b4 39. cxb4 axb4 40. axb4 Rb7 41. Rf6 Ra7 42. Rxe6 Ra2+ 43. Kg3 Ra3 44. Rxe8+ Kxe8 45. Bxg7 Rxf3+ 46. Kxf3 fxg6 47. Bxh8 1-0


[Site "https://www.chess.com"]

[Event "Titled Tuesday Blitz November 16 2021"]
[White "Perez Ponsa, Federico"]
[Black "Golubka, Petro"]
[WhiteFideId "117927"]
[BlackFideId "14114224"]
[WhiteElo "2672"]
[BlackElo "2392"]
[Result "0-1"]
[Round "05"]
[TimeControl "180+1"]
[Date "2021.11.16"]
[WhiteClock "0:00:14"]
[BlackClock "0:00:56"]

1. d4 d5 2. Nf3 c6 3. Bf4 Bg4 4. e3 Nf6 5. c4 dxc4 6. Bxc4 e6 7. O-O Nbd7 8. Nc3 Be7 9. h3 Bh5 10. Bb3 O-O 11. e4 Nb6 12. Be3 a5 13. a4 Bb4 14. e5 Nfd5 15. Ne4 Bg6 16. Ng3 Rc8 17. Rc1 Be7 18. Bd2 Nb4 19. Bxb4 Bxb4 20. Bc2 Nd5 21. Bxg6 hxg6 22. Ne4 Be7 23. g3 b6 24. Kg2 b5 25. h4 Qb6 26. Rh1 bxa4 27. h5 gxh5 28. Rxh5 g6 29. Qh1 gxh5 30. Qxh5 Ne3+ 31. Kh3 Kg7 32. Nh4 Rh8 33. Qf3 Nf5 34. Qg4+ Kf8 35. Nf6 Qxd4 36. Qxd4 Nxd4 37. Kg2 Bxf6 38. exf6 Rh6 39. Rd1 c5 0-1


[Site "https://www.chess.com"]

[Event "Titled Tuesday Blitz November 16 2021"]
[White "Pichot, Alan"]
[Black "Trent, Lawrence"]
[WhiteFideId "110973"]
[BlackFideId "408638"]
[WhiteElo "2600"]
[BlackElo "2474"]
[Result "1-0"]
[Round "05"]
[TimeControl "180+1"]
[Date "2021.11.16"]
[WhiteClock "0:00:23"]
[BlackClock "0:00:39"]

1. e4 c5 2. Nf3 Nc6 3. d4 cxd4 4. Nxd4 Nf6 5. Nc3 e5 6. Ndb5 d6 7. Nd5 Nxd5 8. exd5 Nb8 9. c4 a6 10. Nc3 Nd7 11. Bd3 g6 12. O-O Bg7 13. b3 f5 14. Bb2 O-O 15. Qd2 e4 16. Be2 Ne5 17. Rae1 Qh4 18. f4 exf3 19. Bxf3 Bd7 20. g3 Nxf3+ 21. Rxf3 Qd4+ 22. Qxd4 Bxd4+ 23. Kg2 Rfe8 24. Rd1 Bg7 25. Ba3 f4 26. Bxd6 Bg4 27. Rdd3 Bxf3+ 28. Kxf3 fxg3 29. Bxg3 Rf8+ 30. Kg2 Rae8 31. d6 Bxc3 32. Rxc3 Re2+ 33. Kh3 h5 34. Rd3 Rd8 35. a3 g5 36. Rd5 g4+ 37. Kh4 Kf7 38. Rxh5 Re3 39. b4 Rxa3 40. Kxg4 Rc3 41. Rc5 Ke6 42. Re5+ Kf6 43. Re4 Rb3 44. Bh4+ 1-0


[Site "https://www.chess.com"]

[Event "Titled Tuesday Blitz November 16 2021"]
[White "Pour Agha Bala, Amirreza"]
[Black "Yaksin, Oleg"]
[WhiteFideId "12572896"]
[BlackFideId "24105880"]
[WhiteElo "2313"]
[BlackElo "2256"]
[Result "1-0"]
[Round "05"]
[TimeControl "180+1"]
[Date "2021.11.16"]
[WhiteClock "0:00:36"]
[BlackClock "0:00:01"]

1. d4 Nf6 2. c4 e6 3. a3 b6 4. Nc3 Bb7 5. f3 d5 6. Nh3 Be7 7. Nf2 O-O 8. cxd5 exd5 9. g3 c5 10. e3 cxd4 11. exd4 Nc6 12. Bb5 Rc8 13. O-O a6 14. Bxc6 Bxc6 15. Qd3 Bb7 16. Bf4 Rc4 17. Nfd1 Rxd4 18. Qe2 Bc5 19. Kh1 Re8 20. Qg2 Rd3 21. Ne2 d4 22. Ng1 Ng4 23. b4 Bd6 24. Nf2 Nxf2+ 25. Rxf2 Bxf4 26. gxf4 Qf6 27. Qg4 Rde3 28. Rc1 d3 29. Qd7 R3e7 30. Qxd3 Qxf4 31. Rd1 h6 32. Nh3 Qh4 33. Qf1 Re3 34. Ng1 Qf4 35. Qh3 Re1 36. Rxe1 Rxe1 37. Rf1 Rxf1 38. Qxf1 Qe3 39. Qc4 Bxf3+ 40. Nxf3 Qxf3+ 41. Kg1 Qe3+ 42. Kg2 Qd2+ 43. Kh1 Qe1+ 44. Kg2 Qd2+ 45. Kf3 Qd1+ 46. Ke3 Qe1+ 47. Kf3 Qe7 48. Qxa6 Qf6+ 49. Kg2 Qg6+ 50. Kf2 Qc2+ 51. Ke3 Qxh2 52. Qc8+ Kh7 53. Qf5+ Kg8 54. Kd4 Qg1+ 55. Kc4 Qc1+ 56. Kb5 Qxa3 57. Qc8+ Kh7 58. Qf5+ Kg8 59. Qe4 Qa7 60. Qe3 1-0


[Site "https://www.chess.com"]

[Event "Titled Tuesday Blitz November 16 2021"]
[White "Pranav, V"]
[Black "vizumatv4hoda"]
[WhiteFideId "25060783"]
[WhiteElo "2351"]
[BlackElo "2769"]
[Result "1-0"]
[Round "05"]
[TimeControl "180+1"]
[Date "2021.11.16"]
[WhiteClock "0:01:10"]
[BlackClock "0:00:15"]

1. e4 c5 2. Nf3 g6 3. d4 Bg7 4. dxc5 Qa5+ 5. Nc3 Qxc5 6. Nd5 Na6 7. c3 Nc7 8. Be3 Qc6 9. Bd4 Nf6 10. Ne5 Qd6 11. Nc4 Qc6 12. Na5 Qd6 13. Nxf6+ Bxf6 14. e5 Bxe5 15. Nc4 Qe6 16. Nxe5 f6 17. Qe2 fxe5 18. Bxe5 O-O 19. Bxc7 1-0


[Site "https://www.chess.com"]

[Event "Titled Tuesday Blitz November 16 2021"]
[White "Sadhwani, Raunak"]
[Black "Khanin, Semen"]
[WhiteFideId "35093487"]
[BlackFideId "4111990"]
[WhiteElo "2517"]
[BlackElo "2442"]
[Result "1-0"]
[Round "05"]
[TimeControl "180+1"]
[Date "2021.11.16"]
[WhiteClock "0:00:13"]
[BlackClock "0:00:03"]

1. c4 e5 2. d3 g6 3. Nc3 Bg7 4. g3 Nf6 5. Bg2 O-O 6. Nf3 Re8 7. O-O Nc6 8. b3 e4 9. dxe4 Nxe4 10. Nxe4 Rxe4 11. Rb1 d6 12. Bb2 Bxb2 13. Rxb2 Qf6 14. Rd2 Re7 15. Nd4 Nxd4 16. Rxd4 a5 17. e3 a4 18. b4 a3 19. Qd2 Kg7 20. Rc1 h5 21. h3 Ra4 22. Kh2 b6 23. f4 Bf5 24. e4 Bc8 25. Rd1 h4 26. g4 c5 27. bxc5 dxc5 28. e5 Rxe5 29. fxe5 Qxe5+ 30. Qf4 Qxf4+ 31. Rxf4 b5 32. Bd5 f6 33. Re1 b4 34. g5 fxg5 35. Re7+ Kh6 36. Rf8 g4 37. Rxc8 b3 38. Re1 g3+ 39. Kg2 bxa2 40. Ra1 Rb4 41. Rxa2 Rb3 42. Rf8 Kg5 43. Rf3 Rb2+ 44. Rxb2 axb2 1-0


[Site "https://www.chess.com"]

[Event "Titled Tuesday Blitz November 16 2021"]
[White "Sarana, Alexey"]
[Black "Xiong, Jeffery"]
[WhiteFideId "24133795"]
[BlackFideId "2047640"]
[WhiteElo "2689"]
[BlackElo "2699"]
[Result "1/2-1/2"]
[Round "05"]
[TimeControl "180+1"]
[Date "2021.11.16"]
[WhiteClock "0:02:17"]
[BlackClock "0:02:39"]

1. d4 Nf6 2. c4 e6 3. Nf3 d5 4. Nc3 c5 5. cxd5 Nxd5 6. e4 Nxc3 7. bxc3 cxd4 8. cxd4 Bb4+ 9. Bd2 Bxd2+ 10. Qxd2 O-O 11. Bc4 Nd7 12. O-O b6 13. Rfe1 Bb7 14. Rad1 Rc8 15. Bb3 Nf6 16. d5 exd5 17. exd5 Rc5 18. d6 Bd5 19. Qf4 Qd7 20. Re7 Qd8 21. Rxa7 Bxb3 22. axb3 Nd5 23. Qg3 Nc3 24. Re1 Nb5 1/2-1/2


[Site "https://www.chess.com"]

[Event "Titled Tuesday Blitz November 16 2021"]
[White "Shipov, Sergei"]
[Black "Yoo, Christopher Woojin"]
[WhiteFideId "4113624"]
[BlackFideId "30909694"]
[WhiteElo "2791"]
[BlackElo "2105"]
[Result "1/2-1/2"]
[Round "05"]
[TimeControl "180+1"]
[Date "2021.11.16"]
[WhiteClock "0:01:01"]
[BlackClock "0:01:11"]

1. d4 Nf6 2. c4 e6 3. Nc3 Bb4 4. Qc2 c5 5. dxc5 O-O 6. a3 Bxc5 7. Nf3 d5 8. Bg5 Be7 9. e3 Nc6 10. Be2 dxc4 11. Bxc4 Qa5 12. O-O Ne5 13. Nxe5 Qxe5 14. Bf4 Qc5 15. Bd3 b6 16. b4 Qh5 17. Be2 Qg6 18. Qxg6 hxg6 19. Bf3 Ba6 20. Rfc1 Rad8 21. h3 Bd6 22. Bxd6 Rxd6 23. Ne4 Rd7 24. a4 Bb7 25. Nxf6+ gxf6 26. Bxb7 Rxb7 27. Rc4 Rd8 28. Rac1 Kf8 29. Rc7 Rd7 30. Rxb7 Rxb7 31. h4 Rd7 32. Rc8+ Kg7 33. Ra8 Rc7 34. g3 Rc4 35. Rxa7 Rxb4 36. a5 bxa5 37. Rxa5 Rb1+ 38. Kg2 Rb4 39. Rc5 Ra4 40. Rc3 Rb4 41. Rc5 Ra4 42. Rc3 Rb4 43. Rc5 1/2-1/2


[Site "https://www.chess.com"]

[Event "Titled Tuesday Blitz November 16 2021"]
[White "Shkapenko, Pavel"]
[Black "Tari, Aryan"]
[WhiteFideId "4151933"]
[BlackFideId "1510045"]
[WhiteElo "2386"]
[BlackElo "2656"]
[Result "0-1"]
[Round "05"]
[TimeControl "180+1"]
[Date "2021.11.16"]
[WhiteClock "0:00:04"]
[BlackClock "0:00:42"]

1. e4 c6 2. d4 d5 3. e5 Bf5 4. h4 c5 5. dxc5 Nc6 6. Bb5 Bd7 7. Qxd5 e6 8. Qe4 Bxc5 9. Nc3 a6 10. Bd3 Nb4 11. Qg4 Nxd3+ 12. cxd3 Kf8 13. Nf3 Bc6 14. d4 Bxf3 15. Qxf3 Bxd4 16. Bf4 Bxc3+ 17. Qxc3 Ne7 18. O-O Nd5 19. Qa3+ Kg8 20. Bg3 h5 21. Qd3 g6 22. Rac1 Kg7 23. Rc4 Qb6 24. b3 Rhd8 25. Qf3 Qa5 26. a4 b5 27. axb5 axb5 28. Rc6 Rac8 29. Rxc8 Rxc8 30. Bf4 Rc3 31. Qe4 Rxb3 32. Bg5 Qb4 33. Qc2 Qc4 34. Qa2 Qa4 35. Qc2 Rc3 36. Qb2 b4 37. Rc1 Qa3 38. Qb1 Qb3 39. Qa1 Rxc1+ 40. Qxc1 Qc3 41. Qd1 b3 42. Qe2 Qc2 43. Bf6+ Nxf6 44. exf6+ Kxf6 45. Qe3 Kg7 46. Qe5+ Kh7 47. Qf6 Qb1+ 48. Kh2 Qf5 49. Qe7 b2 0-1


[Site "https://www.chess.com"]

[Event "Titled Tuesday Blitz November 16 2021"]
[White "Shubin, Kirill"]
[Black "Sviridov, Valery"]
[WhiteFideId "34119962"]
[BlackFideId "4120680"]
[WhiteElo "2501"]
[BlackElo "2454"]
[Result "0-1"]
[Round "05"]
[TimeControl "180+1"]
[Date "2021.11.16"]
[WhiteClock "0:00:06"]
[BlackClock "0:00:17"]

1. e4 Nf6 2. e5 Nd5 3. d4 d6 4. Nf3 dxe5 5. Nxe5 c6 6. g3 Nd7 7. Nf3 N7f6 8. Bg2 Bf5 9. O-O e6 10. Re1 Be7 11. a3 O-O 12. c4 Nb6 13. b3 a5 14. a4 h6 15. Bb2 Qc7 16. Nbd2 Rad8 17. Qe2 Bb4 18. Red1 Rfe8 19. Nf1 Nbd7 20. Rac1 Bh7 21. Ne3 Be4 22. c5 Bxf3 23. Qxf3 e5 24. dxe5 Nxe5 25. Qf4 Rxd1+ 26. Rxd1 Qe7 27. Nf5 Qe6 28. Bxe5 Qxe5 29. Qxe5 Rxe5 30. Nd6 Re7 31. Nf5 Rd7 32. Rxd7 Nxd7 33. Bf1 Nxc5 34. Bc4 Ne4 35. Kg2 Nd2 36. Ne3 Bc5 37. Nc2 Kf8 38. Ne1 Ke7 39. Nd3 Bd4 40. f4 b5 41. axb5 Nxc4 42. bxc4 cxb5 43. cxb5 a4 44. Nb4 Kd6 45. Nc2 Bb2 46. Kf3 f5 47. Ke2 a3 48. b6 a2 49. b7 Kc7 50. Kd3 Kxb7 51. Kc4 Kc7 52. Kd5 Kd7 53. h4 a1=Q 54. Nxa1 Bxa1 55. h5 Ke7 56. Kc4 Kf6 57. Kd3 Bb2 58. Ke2 Ba3 59. Kf3 Bc5 60. Kg2 Ke6 61. Kf3 Kd5 62. g4 fxg4+ 63. Kxg4 Ke4 64. Kg3 Kf5 65. Kf3 Bd6 0-1


[Site "https://www.chess.com"]

[Event "Titled Tuesday Blitz November 16 2021"]
[White "Sorokin, Aleksey"]
[Black "Aloma Vidal, Robert"]
[WhiteFideId "24176460"]
[BlackFideId "2260409"]
[WhiteElo "2476"]
[BlackElo "2435"]
[Result "0-1"]
[Round "05"]
[TimeControl "180+1"]
[Date "2021.11.16"]
[WhiteClock "0:00:04"]
[BlackClock "0:00:54"]

1. e4 e5 2. Nf3 Nf6 3. Nxe5 d6 4. Nf3 Nxe4 5. d4 d5 6. Bd3 Bf5 7. O-O Be7 8. Re1 O-O 9. Nbd2 Nd6 10. Bxf5 Nxf5 11. Nf1 Nd7 12. Qd3 g6 13. Ne3 Nd6 14. Nxd5 Bf6 15. Bf4 Nb6 16. Nxf6+ Qxf6 17. Be5 Qf5 18. Qxf5 Nxf5 19. Bxc7 Na4 20. b3 Rac8 21. Be5 Nc3 22. g4 Ng7 23. Bxg7 Kxg7 24. Re7 b5 25. Rxa7 Ne2+ 26. Kf1 Rxc2 27. a4 b4 28. a5 Nc1 29. Rb1 Nd3 30. Ne5 Nxf2 31. Ra1 Ne4 32. a6 Nd2+ 33. Kg1 Nxb3 34. Rf1 Nxd4 35. Nxf7 b3 36. Rd7 Ne2+ 37. Kh1 b2 38. a7 Rc1 39. Nd8+ Kh6 40. Nf7+ Rxf7 41. Rxf7 b1=Q 42. g5+ Kxg5 43. h4+ Kxh4 44. a8=Q Rxf1+ 0-1


[Site "https://www.chess.com"]

[Event "Titled Tuesday Blitz November 16 2021"]
[White "Spata, German"]
[Black "Weetik, Vjacheslav"]
[WhiteFideId "113026"]
[BlackFideId "4153472"]
[WhiteElo "2238"]
[BlackElo "2469"]
[Result "0-1"]
[Round "05"]
[TimeControl "180+1"]
[Date "2021.11.16"]
[WhiteClock "0:00:05"]
[BlackClock "0:00:10"]

1. d4 g6 2. Nf3 Bg7 3. Bf4 a6 4. e3 b5 5. Be2 Bb7 6. O-O Nf6 7. h3 O-O 8. a4 b4 9. c3 bxc3 10. Nxc3 Nc6 11. d5 Nb4 12. e4 e6 13. Qb3 a5 14. Na2 Nxe4 15. Nxb4 axb4 16. Qxb4 Bxd5 17. Be5 f6 18. Bc3 c5 19. Qa3 Bc6 20. a5 d5 21. a6 Qb6 22. Ba5 Qa7 23. Nd2 f5 24. Nxe4 fxe4 25. Bg4 Bd7 26. Rfc1 c4 27. Qd6 Rfe8 28. Bc3 d4 29. Be1 Rac8 30. Rab1 Rc6 31. Qb4 Qxa6 32. Be2 d3 33. Bd1 Bd4 34. Bc3 e5 35. Bxd4 exd4 36. Ba4 Rb6 37. Qxc4+ Qxc4 38. Rxc4 Bxa4 39. Rxa4 e3 40. Rxd4 e2 41. Re1 Rb3 42. f3 Rc8 43. Kf2 Rc2 44. Ke3 d2+ 0-1


[Site "https://www.chess.com"]

[Event "Titled Tuesday Blitz November 16 2021"]
[White "Svane, Frederik"]
[Black "Liyanage, Ranindu Dilshan"]
[WhiteFideId "12923044"]
[BlackFideId "9915834"]
[WhiteElo "2459"]
[BlackElo "1839"]
[Result "1-0"]
[Round "05"]
[TimeControl "180+1"]
[Date "2021.11.16"]
[WhiteClock "0:00:03"]
[BlackClock "0:00:02"]

1. e4 e6 2. d4 d5 3. Nd2 c5 4. exd5 Qxd5 5. Ngf3 cxd4 6. Bc4 Qd6 7. O-O Nc6 8. Nb3 Nf6 9. Nbxd4 Nxd4 10. Nxd4 Be7 11. c3 O-O 12. Qf3 Qc7 13. Bb3 Bd7 14. Bf4 e5 15. Bg3 Bg4 16. Qd3 Qc5 17. Nf5 Rfd8 18. Nxe7+ Qxe7 19. Qe3 e4 20. Bh4 Rd6 21. f3 Bf5 22. Rae1 Re8 23. Qc5 Bg6 24. fxe4 Bxe4 25. Bc2 Re6 26. Qxe7 R8xe7 27. Bxf6 gxf6 28. Bxe4 Rxe4 29. Rxe4 Rxe4 30. Kf2 Kf8 31. Re1 Ra4 32. a3 Ra6 33. Re4 Rb6 34. Rb4 Rxb4 35. axb4 Ke7 36. Ke3 Ke6 37. Ke4 h6 38. c4 b6 39. b5 h5 40. h4 Kd6 41. b4 Ke6 42. g3 Kd6 43. Kf5 Ke7 44. c5 bxc5 45. bxc5 Kd7 46. Kxf6 1-0


[Site "https://www.chess.com"]

[Event "Titled Tuesday Blitz November 16 2021"]
[White "Tabatabaei, M. Amin"]
[Black "Lewtak, Damian"]
[WhiteFideId "12521213"]
[BlackFideId "1141724"]
[WhiteElo "2555"]
[BlackElo "2203"]
[Result "1-0"]
[Round "05"]
[TimeControl "180+1"]
[Date "2021.11.16"]
[WhiteClock "0:00:57"]
[BlackClock "0:00:02"]

1. e4 c5 2. Nf3 d6 3. Bb5+ Bd7 4. Bxd7+ Qxd7 5. c4 a6 6. d4 Nf6 7. Nc3 cxd4 8. Nxd4 Nc6 9. O-O Rc8 10. f3 Ne5 11. b3 b5 12. f4 Ng6 13. Be3 bxc4 14. bxc4 Ng4 15. Nf5 Nxe3 16. Nxe3 e6 17. Qd4 Qc6 18. Rab1 a5 19. Rb6 Qc7 20. Nb5 Qc5 21. Qxc5 dxc5 22. e5 Be7 23. g3 O-O 24. Rb7 Rfd8 25. Rd1 Rxd1+ 26. Nxd1 f6 27. h4 h5 28. exf6 Bxf6 29. Kf2 Rd8 30. Ke2 Ne7 31. Ne3 Nf5 32. Nxf5 exf5 33. Rc7 Re8+ 34. Kf3 Bd4 35. Nxd4 cxd4 36. Rc5 Re3+ 37. Kf2 Ra3 38. Rxf5 Rxa2+ 39. Kf3 a4 40. Rxh5 d3 41. Ra5 d2 42. Ke2 a3 43. c5 Kf7 44. c6 Ke7 45. Ra7+ Kd6 46. c7 Kd7 47. f5 Ra1 48. Kxd2 a2 49. Kc2 Rg1 50. Rxa2 Rxg3 51. Ra7 Rg4 52. h5 Rg5 53. f6 gxf6 54. h6 Rh5 55. h7 Kc8 1-0


[Site "https://www.chess.com"]

[Event "Titled Tuesday Blitz November 16 2021"]
[White "Tarigan, Gilbert Elroy"]
[Black "Sjugirov, Sanan"]
[WhiteFideId "7108133"]
[BlackFideId "4189302"]
[WhiteElo "1908"]
[BlackElo "2653"]
[Result "0-1"]
[Round "05"]
[TimeControl "180+1"]
[Date "2021.11.16"]
[WhiteClock "0:00:01"]
[BlackClock "0:00:04"]

1. Nf3 d5 2. d4 Nf6 3. c4 e6 4. Nc3 c6 5. e3 Nbd7 6. Qc2 Bd6 7. Be2 O-O 8. O-O b6 9. b3 Bb7 10. Bb2 Qe7 11. e4 dxe4 12. Nxe4 Nxe4 13. Qxe4 f5 14. Qe3 c5 15. Rad1 Rad8 16. Rfe1 Nf6 17. Ne5 cxd4 18. Bxd4 Bb4 19. Rf1 Ne4 20. Bf3 Qc7 21. Bxe4 Bxe4 22. Kh1 Bd6 23. Qf4 Be7 24. f3 Bf6 25. Bc3 Rxd1 26. Rxd1 Rd8 27. Re1 Bb7 28. Qe3 Qc5 29. Qxc5 bxc5 30. Kg1 f4 31. Kf2 Bh4+ 32. g3 fxg3+ 33. hxg3 Bf6 34. Ke2 h5 35. Ke3 h4 36. gxh4 Bxh4 37. Rg1 Bf6 38. f4 a5 39. Ba1 a4 40. Nd3 Bd4+ 41. Bxd4 cxd4+ 42. Kd2 axb3 43. axb3 Ra8 44. b4 Ra2+ 45. Ke1 Be4 46. Nc5 Bf5 47. Rg3 Rc2 48. b5 Rxc4 49. Nb3 Rb4 50. b6 d3 51. Nc5 Rxb6 52. Kd2 Rb2+ 53. Kc3 Rc2+ 54. Kb3 d2 0-1


[Site "https://www.chess.com"]

[Event "Titled Tuesday Blitz November 16 2021"]
[White "Tillyaev, Ulugbek"]
[Black "Demchenko, Anton"]
[WhiteFideId "14202441"]
[BlackFideId "4160258"]
[WhiteElo "2341"]
[BlackElo "2583"]
[Result "1-0"]
[Round "05"]
[TimeControl "180+1"]
[Date "2021.11.16"]
[WhiteClock "0:00:09"]
[BlackClock "0:00:04"]

1. e4 e5 2. Nf3 Nc6 3. Bb5 a6 4. Ba4 d6 5. O-O Nf6 6. Re1 Bg4 7. c3 Nd7 8. Bxc6 bxc6 9. h3 Bh5 10. d3 Be7 11. Nbd2 O-O 12. Nf1 Re8 13. g4 Bg6 14. Ng3 c5 15. Kg2 Nf8 16. d4 exd4 17. cxd4 d5 18. e5 Ne6 19. Nf5 Qd7 20. Nxe7+ Qxe7 21. dxc5 Be4 22. Be3 Rad8 23. Kg3 d4 24. Nxd4 Nxc5 25. f3 Bg6 26. Nc6 Qf8 27. Nxd8 Nd3 28. Nc6 Re6 29. Nd4 Rxe5 30. f4 Re8 31. f5 Qd6+ 32. Kg2 Nxe1+ 33. Qxe1 h5 34. fxg6 Qxg6 35. Qe2 Re4 36. g5 Qb6 37. Rd1 c5 38. Nf5 Qe6 39. Rd8+ Kh7 40. Qxh5+ Qh6 41. gxh6 1-0


[Site "https://www.chess.com"]

[Event "Titled Tuesday Blitz November 16 2021"]
[White "Tologon tegin, Semetei"]
[Black "Maly, Alexey"]
[WhiteFideId "13800574"]
[BlackFideId "14103184"]
[WhiteElo "2224"]
[BlackElo "2294"]
[Result "1-0"]
[Round "05"]
[TimeControl "180+1"]
[Date "2021.11.16"]
[WhiteClock "0:00:08"]
[BlackClock "0:00:06"]

1. e4 c6 2. d4 d5 3. e5 Bf5 4. h4 h5 5. Nf3 e6 6. c4 Ne7 7. Nc3 dxc4 8. Bxc4 Nd7 9. Bg5 Nb6 10. Be2 Qd7 11. O-O Ned5 12. Qb3 Be7 13. Rfd1 O-O 14. Rac1 Rfd8 15. a3 Rac8 16. Bxe7 Qxe7 17. Ng5 Nxc3 18. Qxc3 Bg6 19. Bd3 Nd5 20. Qd2 Bxd3 21. Qxd3 g6 22. Qg3 Kg7 23. Ne4 Rc7 24. Nd6 Nb6 25. Qf4 Nc8 26. Ne4 Nb6 27. g3 Rcd7 28. Ng5 Nd5 29. Qf3 Nb6 30. Qf4 Nd5 31. Qe4 Nc7 32. Rd3 Nb5 33. Rcd1 c5 34. d5 exd5 35. Rxd5 Rxd5 36. Rxd5 Rxd5 37. Qxd5 Nd4 38. Kg2 Ne6 39. Ne4 b6 40. Nf6 Nd4 41. f4 Ne6 42. Qa8 Nf8 43. Kf3 c4 44. Qc8 b5 45. Ne8+ Kg8 46. Nd6 Kg7 47. Nxb5 Ne6 48. Nd6 Nd4+ 49. Ke4 Ne2 50. Ne8+ Kh6 51. Nf6 Nxg3+ 52. Kf3 g5 53. Qh8+ Kg6 54. Qh7# 1-0


[Site "https://www.chess.com"]